 Dungeon Crawl Stone Soup version 0.30.1-11-g7821555f0a (webtiles) character file.

Game seed: 10630240917688464932

17333 lonewolfV2 the Cleaver (level 12, -8/132 HPs)
             Began as a Minotaur Fighter on Nov 3, 2023.
             Was the Champion of Jiyva.
             Mangled by an orc warrior
             ... wielding a +0 trident
              (12 damage)
             ... on level 2 of the Orcish Mines.
             The game lasted 00:16:38 (8969 turns).

lonewolfV2 the Cleaver (Minotaur Fighter)           Turns: 8969, Time: 00:16:38

Health: -8/132     AC: 14    Str: 27    XL:     12   Next: 18%
Magic:  9/11       EV: 13    Int:  4    God:    Jiyva [******]
Gold:   772        SH:  4    Dex: 12    Spells: 11/11 levels left

rFire   + + .        s - +11 war axe of World Downfall {protect, +Blink rCorr Stlth+}
rCold   . . .        c - +0 buckler
rNeg    + . .        j - +0 chain mail
rPois   +            (helmet unavailable)
rElec   .            (no cloak)
rCorr   +            (no gloves)
SInv    .            (no boots)
Will    .....        (no amulet)
Stlth   +            i - ring of positive energy
HPRegen 2.02/turn    u - ring of flight
MPRegen 0.62/turn

%: no passive effects
@: under a protective aura, calling ooze, flying, studying Throwing
A: horns 3, retaliatory headbutt, hooves 2, camouflage 1, fire resistance 2,
poison resistance, robust 2, strong 1, pseudopods 1, tendrils
a: Renounce Religion, Evoke Blink, Oozemancy, Slimify


You were on level 2 of the Orcish Mines.
You worshipped Jiyva.
Jiyva was exalted by your worship.
You visited 2 branches of the dungeon, and saw 14 of its levels.

You collected 772 gold pieces.

Inventory:

Hand Weapons
 a - a +1 war axe
 s - the +11 war axe of World Downfall (weapon) {protect, +Blink rCorr Stlth+}
   (You found it on level 7 of the Dungeon)

   +Blink:    It lets you blink.
   rCorr:     It protects you from acid and corrosion.
   Stlth:     It makes you more stealthy.
Armour
 b - a +0 scale mail
 c - a +0 buckler (worn)
 j - a +0 chain mail (worn)
Jewellery
 i - a ring of positive energy (left hand)
 n - a ring of ice
 t - a ring of willpower
 u - a ring of flight (right hand)
 y - a +4 ring of protection
Wands
 l - a wand of polymorph (1)
 x - a wand of charming (6)
 z - a wand of roots (6)
 A - a wand of acid (8)
 D - a wand of flame (7)
Scrolls
 o - 2 scrolls of amnesia
 p - 2 scrolls of fear
 r - a scroll of teleportation
 v - a scroll of enchant weapon
 w - 3 scrolls of blinking
 B - 2 scrolls of identify
Potions
 d - a potion of might
 e - 7 potions of curing
 f - a potion of ambrosia
 g - 2 potions of mutation
 h - 2 potions of haste
 k - a potion of degeneration {unknown}
 m - 3 potions of heal wounds
 q - a potion of attraction {unknown}
Miscellaneous
 C - a lightning rod (4/4)


   Skills:
 - Level 11.5 Fighting
 + Level 12.8 Axes
 + Level 8.2 Throwing
 + Level 10.5 Armour
 - Level 11.5 Dodging
 - Level 3.6 Shields


You had 11 spell levels left.
You didn't know any spells.
Your spell library contained the following spells:

 Spells                   Type           Power      Damage    Failure   Level
 Magic Dart               Conj           0%         1d3       94%         1
 Call Imp                 Summ           0%         N/A       98%         2
 Mephitic Cloud           Conj/Pois/Air  0%         N/A       100%        3
 Petrify                  Tmut/Erth      0%         N/A       100%        4
 Metabolic Englaciation   Hex/Ice        0%         N/A       100%        5
 Statue Form              Tmut/Erth      0%         N/A       100%        6
 Malign Gateway           Summ/Tloc      0%         N/A       100%        7
 Summon Horrible Things   Summ           0%         N/A       100%        8


Dungeon Overview and Level Annotations

Branches:
Dungeon (12/15)            Temple (0/1) D:6            Lair (0/5) D:8
    Orc (2/2) D:12
    Elf: Orc:2

Altars:
Cheibriados
Dithmenos
Kikubaaqudgha
Sif Muna
Uskayaw
Wu Jian
Yredelemnul
The Shining One
Jiyva

Shops:
D:3 [   D:6 (   D:9 !   Orc:2 =


Innate Abilities, Weirdness & Mutations

You have a pair of large horns on your head.
You reflexively headbutt those who attack you in melee.
You have hoof-like feet.
Your skin changes colour to match your surroundings (Stealth+).
Your flesh is very heat resistant. (rF++)
Your system is resistant to poisons. (rPois)
You are very robust. (+20% HP)
Your muscles are strong. (Str +4, Int/Dex -1)
Armour fits poorly on your pseudopods.
You are covered in slimy tendrils that may disarm your opponents.


Message History

The orc warrior shouts!
You hear a shout!
The wall burns the orc!
The walls burn the orc warrior!
You hear a slurping noise.
The hellwing swoops through the air toward you!
You block the hellwing's attack. The hellwing misses you.
Things that are here:
a +0 halberd; a +0 plate armour You hit the orc knight.
Your kick misses the orc knight. You headbutt the orc knight!
The orc knight is moderately wounded.
You slash the hellwing!
The walls burn the orc warrior!
The wall burns the orc sorcerer!
The orc sorcerer gestures wildly while chanting.
The wall burns the orc!
You kill the orc!
The orc warrior hits you from afar with a +0 glaive.
You slash the orc knight!
You kick the orc knight, but do no damage.
You bludgeon the orc knight, but do no damage.
The orc knight is heavily wounded.
You closely miss the hellwing.
The walls burn the hellwing!
You block the hellwing's attack. The hellwing hits you.
* * * LOW HITPOINT WARNING * * *
The wall burns the orc sorcerer!
You kill the orc sorcerer!
The orc warrior closely misses you.
The walls burn the orc knight!
The orc knight hits you with a +1 great sword!!
* * * LOW HITPOINT WARNING * * *
The walls burn the orc warrior!
You kill the orc warrior!
You hear a slurping noise.
You hear a shout!
You barely miss the orc knight.
The orc knight is heavily wounded.
You hit the hellwing but do no damage.
The walls burn the hellwing!
The hellwing hits you.
* * * LOW HITPOINT WARNING * * *
You block the hellwing's attack.
The wall burns the gnoll!
The wall burns the orc warrior!
The orc warrior hits you from afar with a +0 trident!
You die...

.....## ##.. ......#.
#...........8 ........
##............ ..#.....
#..........∩.. ......#
##.....o......
.....######....# g......
......#.##.#...##goo....
................#oo.....
................@# ...
............###4[##...#
............# #.J..§..#
#..........## ##..g...#
..........## #........
.........## ##.......
.......### #.#....
......## #..... ..##.##
#.#..


You could see an orc knight (strong), an orc high priest (strong), a hellwing
(summoned), 3 orc warriors, 3 gnolls and a neutral azure jelly (wandering)
(fellow slime).

Vanquished Creatures
  2 boulder beetles (D:12)
  5 two-headed ogres
  Pikel (D:7)
  2 orc knights (Orc:2)
  An orc sorcerer (Orc:2)
  An ugly thing (D:12)
  A cyclops (Orc:1)
  Joseph (D:7)
  Maggie (D:7)
  3 kobold demonologists (D:10)
  5 trolls
  Prince Ribbit (D:6)
  Grinder (D:3)
  Eustachio (D:4)
  A wyvern (D:9)
  A wraith (D:9)
  13 yaks
  A vampire (D:9)
  Menkaure (D:7)
  4 steam dragons
  6 vampire mosquitoes
  Duvessa (D:4)
  8 orc warriors
  A swamp drake (Orc:1)
  A sky beast (D:4)
  2 ogres
  A centaur (D:6)
  3 bullfrogs
  A kobold brigand (D:10)
  A scorpion (D:6)
  A wight (D:5)
  Dowan (D:4)
  17 killer bees
  4 howler monkeys
  2 hounds (D:6)
  8 orc priests
  An iron imp (Orc:1)
  A sleepcap (D:5)
  3 iguanas
  11 orc wizards
  6 adders
  A shadow imp (D:5)
  A white imp (Orc:1)
  9 dart slugs
  47 orcs
  2 ball pythons
  4 endoplasms
  2 giant cockroaches
  2 goblins
  3 hobgoblins
  5 jackals
  A kobold (D:4)
  2 quokkas
  6 bats
  7 frilled lizards
  6 rats
225 creatures vanquished.

Vanquished Creatures (collateral kills)
  A deep elf zephyrmancer (Orc:1)
  A deep elf pyromancer (Orc:1)
  2 shadows
  An ogre (Orc:1)
  A crimson imp (Orc:1)
  A shadow imp (Orc:1)
7 creatures vanquished.

Vanquished Creatures (others)
  A manticore (D:12)
  5 slime creatures (D:12)
  Sigmund (D:3)
  2 vampire mosquitoes (D:12)
  2 centaurs
  A scorpion (D:5)
  2 killer bees
  21 jellies
  An orc priest (D:5)
  An orc wizard (D:5)
  2 adders
  An ufetubus (D:5)
  A worm (D:3)
  A dart slug (D:5)
  8 orcs
  A ball python (D:3)
  A bat zombie (D:5)
  An endoplasm (D:4)
  A jackal (D:4)
  3 training dummies (D:6)
  A frilled lizard (D:3)
  A rat (D:3)
  2 rat zombies (D:5)
61 creatures vanquished.

Grand Total: 293 creatures vanquished

Notes
Turn   | Place    | Note
-------+----------+-------------------------------------------
     0 | D:1      | lonewolfV2 the Minotaur Fighter began the quest for the
                  | Orb.
     0 | D:1      | Reached XP level 1. HP: 19/19 MP: 0/0
   156 | D:1      | Reached skill level 1 in Dodging
   211 | D:1      | Reached XP level 2. HP: 25/26 MP: 1/1
   485 | D:1      | Reached skill level 3 in Axes
   740 | D:2      | Reached XP level 3. HP: 31/31 MP: 2/2
  1034 | D:2      | Reached XP level 4. HP: 39/39 MP: 3/3
  1236 | D:3      | Found a faded altar of an unknown god.
  1240 | D:3      | Prayed at the altar of an unknown god.
  1240 | D:3      | Became a worshipper of Jiyva Jaxt the Shapeless
  1240 | D:3      | Reached * piety under Jiyva
  1338 | D:3      | Noticed Grinder
  1348 | D:3      | Paralysed by Grinder for 2 turns
  1351 | D:3      | Killed Grinder
  1352 | D:3      | Reached skill level 4 in Axes
  1352 | D:3      | Reached skill level 5 in Dodging
  1352 | D:3      | Reached XP level 5. HP: 33/45 MP: 4/4
  1352 | D:3      | Reached XP level 6. HP: 38/51 MP: 5/5
  1403 | D:3      | Killed Sigmund
  1548 | D:3      | Reached ** piety under Jiyva
  1655 | D:3      | Found Norom's Antique Armour Shoppe.
  1904 | D:4      | Reached skill level 5 in Axes
  1918 | D:4      | Noticed a sky beast
  1925 | D:4      | Killed a sky beast
  1989 | D:4      | Noticed Eustachio
  2014 | D:4      | Killed Eustachio
  2015 | D:4      | Reached XP level 7. HP: 51/57 MP: 6/6
  2118 | D:4      | Noticed Duvessa
  2119 | D:4      | Noticed Dowan
  2127 | D:4      | Killed Duvessa
  2128 | D:4      | Reached skill level 6 in Axes
  2133 | D:4      | Killed Dowan
  2387 | D:5      | Entered Level 5 of the Dungeon
  2430 | D:5      | Reached *** piety under Jiyva
  2618 | D:5      | Gained mutation: Your muscles are strong. (Str +4, Int/Dex
                  | -1) [Jiyva's grace]
  2618 | D:5      | Gained mutation: Your muscles are very strong. (Str +8,
                  | Int/Dex -2) [Jiyva's grace]
  2618 | D:5      | Gained mutation: You have hidden genetic potential.
                  | [Jiyva's grace]
  2618 | D:5      | Gained mutation: You have great hidden genetic potential.
                  | [Jiyva's grace]
  2627 | D:5      | Reached XP level 8. HP: 64/64 MP: 7/7
  2844 | D:5      | Found an ancient bone altar of Kikubaaqudgha.
  2934 | D:6      | Noticed Prince Ribbit
  2950 | D:6      | Killed Prince Ribbit
  2951 | D:6      | Reached skill level 7 in Axes
  3189 | D:6      | Gained mutation: You are agile. (Dex +4, Str/Int -1)
                  | [hidden potential]
  3244 | D:6      | Reached **** piety under Jiyva
  3268 | D:6      | Found a staircase to the Ecumenical Temple.
  3330 | D:6      | Found a hide-covered altar of Uskayaw.
  3453 | D:6      | Found Fikuuddip's Firing Range.
  3600 | D:6      | Reached skill level 5 in Armour
  3600 | D:6      | Reached skill level 10 in Dodging
  3916 | D:7      | Noticed Pikel
  3933 | D:7      | Killed Pikel
  3934 | D:7      | Reached XP level 9. HP: 70/70 MP: 8/8
  3951 | D:7      | Noticed Maggie
  3966 | D:7      | Killed Maggie
  3983 | D:7      | Noticed Menkaure
  3990 | D:7      | Killed Menkaure
  4011 | D:7      | Gained mutation: You are robust. (+10% HP) [hidden
                  | potential]
  4011 | D:7      | Lost mutation: You have great hidden genetic potential.
                  | [hidden potential expressed]
  4131 | D:7      | Noticed Joseph
  4139 | D:7      | Killed Joseph
  4212 | D:7      | Identified the +11 war axe of World Downfall {protect,
                  | +Blink rCorr Stlth+}
  4226 | D:7      | Reached ***** piety under Jiyva
  4344 | D:7      | Lost mutation: You are robust. (+10% HP) [Jiyva's grace]
  4344 | D:7      | Lost mutation: You have hidden genetic potential. [Jiyva's
                  | grace]
  4344 | D:7      | Gained mutation: Your flesh is heat resistant. (rF+)
                  | [Jiyva's grace]
  4344 | D:7      | Gained mutation: Your flesh is very heat resistant. (rF++)
                  | [Jiyva's grace]
  4344 | D:7      | Gained mutation: Your flesh is almost immune to the effects
                  | of heat. (rF+++) [Jiyva's grace]
  4344 | D:7      | Gained mutation: Armour fits poorly on your pseudopods.
                  | [Jiyva's grace]
  4786 | D:8      | Found a staircase to the Lair.
  5174 | D:9      | Reached skill level 5 in Fighting
  5177 | D:9      | Reached skill level 8 in Axes
  5359 | D:9      | Reached XP level 10. HP: 53/86 MP: 9/9
  5409 | D:9      | Identified the +0 mace "Madiuf" {elec, rF+ rC+}
  5441 | D:9      | Found Giunox's Distillery.
  5451 | D:9      | Reached skill level 9 in Axes
  5821 | D:10     | Entered Level 10 of the Dungeon
  5847 | D:10     | Noticed a two-headed ogre
  5851 | D:10     | Killed a two-headed ogre
  5887 | D:10     | Lost mutation: Your muscles are very strong. (Str +8,
                  | Int/Dex -2) [Jiyva's grace]
  5887 | D:10     | Gained mutation: Your system is resistant to poisons.
                  | (rPois) [Jiyva's grace]
  5887 | D:10     | Gained mutation: Armour fits poorly on your large
                  | pseudopods. [Jiyva's grace]
  5887 | D:10     | Gained mutation: Armour fits poorly on your massive
                  | pseudopods. [Jiyva's grace]
  5887 | D:10     | Gained mutation: Your skin changes colour to match your
                  | surroundings (Stealth+). [Jiyva's grace]
  5959 | D:10     | Found a basalt altar of Yredelemnul.
  5959 | D:10     | Found a glowing golden altar of the Shining One.
  5960 | D:10     | Found a snail-covered altar of Cheibriados.
  5998 | D:10     | Reached skill level 10 in Fighting
  6019 | D:10     | Found an ornate altar of the Wu Jian Council.
  6031 | D:10     | Reached skill level 10 in Axes
  6048 | D:10     | Found a shimmering blue altar of Sif Muna.
  6180 | D:10     | Noticed a two-headed ogre
  6189 | D:10     | Killed a two-headed ogre
  6443 | D:10     | Reached XP level 11. HP: 90/102 MP: 10/10
  6608 | D:10     | Found a shadowy altar of Dithmenos.
  6791 | D:11     | Reached ****** piety under Jiyva
  6849 | D:11     | Noticed a two-headed ogre
  6865 | D:11     | Killed a two-headed ogre
  6961 | D:11     | Noticed a two-headed ogre
  6967 | D:11     | Killed a two-headed ogre
  7041 | D:11     | Reached skill level 11 in Axes
  7045 | D:11     | Reached skill level 1 in Throwing
  7165 | D:11     | Lost mutation: You are agile. (Dex +4, Str/Int -1) [Jiyva's
                  | grace]
  7165 | D:11     | Lost mutation: Armour fits poorly on your massive
                  | pseudopods. [Jiyva's grace]
  7165 | D:11     | Lost mutation: Armour fits poorly on your large pseudopods.
                  | [Jiyva's grace]
  7165 | D:11     | Gained mutation: You have a small jelly attached to you
                  | that may absorb projectiles. [Jiyva's grace]
  7165 | D:11     | Gained mutation: You have large cloven feet. [Jiyva's
                  | grace]
  7165 | D:11     | Gained mutation: You have hoof-like feet. [Jiyva's grace]
  7165 | D:11     | Gained mutation: You have hooves in place of feet. [Jiyva's
                  | grace]
  7592 | D:12     | Found a staircase to the Orcish Mines.
  7687 | D:12     | Noticed a boulder beetle
  7711 | D:12     | Killed a boulder beetle
  7751 | D:12     | Noticed a two-headed ogre
  7759 | D:12     | Killed a two-headed ogre
  7760 | D:12     | Reached skill level 5 in Throwing
  7981 | D:12     | Noticed a boulder beetle
  8001 | D:12     | Killed a boulder beetle
  8002 | D:12     | Reached skill level 12 in Axes
  8241 | D:12     | Noticed a white ugly thing
  8249 | D:12     | Killed a white ugly thing
  8303 | Orc:1    | Entered Level 1 of the Orcish Mines
  8560 | Orc:1    | Lost mutation: You have hooves in place of feet. [Jiyva's
                  | grace]
  8560 | Orc:1    | Lost mutation: Your flesh is almost immune to the effects
                  | of heat. (rF+++) [Jiyva's grace]
  8560 | Orc:1    | Lost mutation: You have a small jelly attached to you that
                  | may absorb projectiles. [Jiyva's grace]
  8560 | Orc:1    | Gained mutation: You are covered in slimy tendrils that may
                  | disarm your opponents. [Jiyva's grace]
  8560 | Orc:1    | Gained mutation: You have a pair of large horns on your
                  | head. [Jiyva's grace]
  8560 | Orc:1    | Gained mutation: You are robust. (+10% HP) [Jiyva's grace]
  8560 | Orc:1    | Gained mutation: You are very robust. (+20% HP) [Jiyva's
                  | grace]
  8645 | Orc:1    | Noticed a deep elf zephyrmancer
  8648 | Orc:1    | Noticed a deep elf pyromancer
  8651 | Orc:1    | Killed a deep elf zephyrmancer
  8653 | Orc:1    | Killed a deep elf pyromancer
  8654 | Orc:1    | Reached skill level 10 in Armour
  8654 | Orc:1    | Reached XP level 12. HP: 82/132 MP: 11/11
  8898 | Orc:2    | Entered Level 2 of the Orcish Mines
  8941 | Orc:2    | Noticed an orc warlord
  8942 | Orc:2    | Found Jotyesem's Jewellery Shoppe.
  8960 | Orc:2    | Noticed an orc high priest
  8961 | Orc:2    | Slimified an orc warlord
  8961 | Orc:2    | an orc warlord changed into an azure jelly
  8961 | Orc:2    | Noticed an azure jelly
  8968 | Orc:2    | HP: 5/132 [orc knight/+1 great sword (32)]
  8969 | Orc:2    | Mangled by an orc warrior

Illustrated notes

Levels and vault maps discovered:
D:1:      dpeg_arrival_tiny_c, layout_loops_ring
D:2:      layout_basic
D:3:      layout_loops_ring, nicolae_ecumenical_pavilion, serial_shops,
          nicolae_square_shop, serial_bayou_crossing, uniq_sigmund, uniq_grinder
D:4:      layout_basic, kennysheep_cross_room, minmay_between, uniq_eustachio,
          uniq_duvessa
D:5:      minmay_general_purpose_star, layout_cave_pools,
          lemuel_zombie_altar_kikubaaqudgha, dreamdust_wishing_well
D:6:      layout_basic, overflow_temple_1_default,
          minmay_temple_entry_statues_fountains, grunt_decor_one_mirror,
          nicolae_shop_firing_range, uniq_prince_ribbit1
D:7:      layout_basic, nrook_mini_backslash, uniq_pikel, uniq_menkaure,
          uniq_joseph, uniq_maggie
D:8:      layout_cave_pools, lair_entry_dummy
D:9:      layout_basic, serial_shops, nicolae_shop_rolling_square
D:10:     layout_loops_corners, nicolae_overflow_quartered_altars,
          grunt_dithmenos_shadows, mainiacjoe_overflow_alcove_1
D:11:     layout_stronghold
D:12:     layout_irregular_city, orc_0_dummy, patterned_corridor
Orc:1:    layout_caves, hangedman_minor_magic
Orc:2:    grunt_orc_gardens, layout_caves, grunt_orc_garden, grunt_orc_garden,
          grunt_orc_garden, grunt_orc_garden, serial_shops, shop

Skill      XL: |  1  2  3  4  5  6  7  8  9 10 11 12 |
---------------+-------------------------------------+-----
Dodging        | 1 2 3 5 6 8 10 11 | 11.5
Axes           | 3 4 5 6 7 8 10 12 | 12.8
Armour         | 5 6 7 10 | 10.5
Fighting       | 7 11 | 11.5
Throwing       | 7 8 |  8.2
Shields        | |  3.6

Action                     |  1- 3 |  4- 6 |  7- 9 | 10-12 || total
---------------------------+-------+-------+-------+-------++-------
  Melee: War axe           |    54 |    99 |   161 |   232 ||   546
         Headbutt          |     6 |    19 |    34 |    42 ||   101
         Unarmed           |       |       |     5 |       ||     5
         Pseudopods        |       |       |     4 |    55 ||    59
         Kick              |       |       |       |    37 ||    37
 Invoke: Slimify           |       |       |       |     2 ||     2
         Oozemancy         |       |       |       |     1 ||     1
    Use: Scroll            |       |     6 |     8 |       ||    14
 Armour: Scale mail        |    12 |       |       |       ||    12
         Chain mail        |    23 |    62 |    78 |    57 ||   220
  Dodge: Dodged            |    28 |    48 |   112 |   137 ||   325
  Block: Buckler           |    12 |    19 |    39 |    47 ||   117
